 Dungeon Crawl Stone Soup version 0.29.0-4-gdea44cf6ec (webtiles) character file.

Game seed: 14384305114176614494

73 qw the Ruffian (level 4, -2/35 HPs)
             Began as a Ghoul Fire Elementalist on Aug 29, 2022.
             Slain by Robin
             ... wielding a +0 trident
              (7 damage)
             ... on level 2 of the Dungeon.
             The game lasted 00:02:02 (2993 turns).

qw the Ruffian (Ghoul Fire Elementalist)            Turns: 2993, Time: 00:02:02

Health: -2/35      AC:  3    Str: 13    XL:     4   Next: 27%
Magic:  5/5        EV: 11    Int: 10    God:
Gold:   88         SH:  0    Dex:  9    Spells: 5/6 levels left

rFire   . . .      SeeInvis .     - Unarmed
rCold   + . .      Faith    .   (no shield)
rNeg    + + +      Spirit   .   f - +0 leather armour
rPois   inf        Reflect  .   (no helmet)
rElec   .          Harm     .   (no cloak)
rCorr   .          Rampage  .   (no gloves)
Will    .....                   (no boots)
Stlth   +.........              (no amulet)
HPRegen 0.00/turn               (no ring)
MPRegen 0.09/turn               (no ring)

@: inhibited regen
A: claws 1, cold resistance 1, negative energy resistance 3, inhibited
regeneration, torment resistance 2, devour on kill
a: no special abilities


You were on level 2 of the Dungeon.
You visited 1 branch of the dungeon, and saw 2 of its levels.

You collected 88 gold pieces.


Innate Abilities, Weirdness & Mutations

You are immune to poison.
You have sharp fingernails.
Your flesh is cold resistant. (rC+)
You are immune to negative energy. (rN+++)
You do not regenerate when monsters are visible.
You are immune to unholy pain and torment.
You thrive by killing the living.


   Skills:
 - Level 1.2 Fighting
 - Level 1.7 Dodging
 - Level 2.1 Stealth
 + Level 3.8 Unarmed Combat
 - Level 1.7 Spellcasting
 - Level 0.7 Conjurations
 - Level 2.4 Fire Magic


You had 5 spell levels left.
You knew the following spells:

 Your Spells              Type           Power      Damage    Failure   Level
a - Foxfire               Conj/Fire      16%        2x1d4     22%         1

Your spell library contained the following spells:

 Spells                   Type           Power      Damage    Failure   Level
 Scorch                   Fire           10%        2d6       22%         2
 Conjure Flame            Conj/Fire      4%         6-21      54%         3
 Inner Flame              Hex/Fire       3%         N/A       58%         3
 Flame Wave               Conj/Fire      4%         2d5       91%         4

Inventory:

Armour
 f - a +0 leather armour (worn)
Scrolls
 e - a scroll of identify
Potions
 a - a potion of curing
 g - a potion of haste {unknown}
 h - a potion of ambrosia {unknown}

Dungeon Overview and Level Annotations

Branches:
Dungeon (2/15)

Altars:

Annotations:
D:2 Robin


Message History

The ball python misses you. The ball python barely misses you.
Robin roars a battlecry!
The goblins go into a battle-frenzy!
The hobgoblin barely misses you. The ball python bites you.
The ball python grabs you. The ball python constricts you.
You barely miss the ball python. The ball python closely misses you.
The ball python constricts you. The hobgoblin hits you.
The goblin barely misses you. The goblin hits you with a +0 dagger.
You closely miss the ball python. You claw the ball python.
The ball python is moderately wounded.
The ball python closely misses you. The ball python constricts you.
The hobgoblin hits you. The goblin hits you but does no damage.
Robin throws the goblin at you!
You scratch the ball python.
You kill the ball python!
You feel better. The hobgoblin misses you. The goblin hits you with a +0 club.
The goblin barely misses you. Robin closely misses you.
2989 ||| Stepping ~*~*~tactically~*~*~ (outnumbered).
The hobgoblin attacks as you move away!
The hobgoblin hits you but does no damage.
The goblin attacks as you move away! The goblin hits you with a +0 dagger.
Robin throws the goblin at you! The goblin hits you with a +0 dagger.
The goblin misses you.
2990 ||| Stepping ~*~*~tactically~*~*~ (outnumbered).
The goblin attacks as you move away! The goblin hits you with a +0 club.
The hobgoblin attacks as you move away! The hobgoblin barely misses you.
The goblin hits you but does no damage.
You scratch the hobgoblin but do no damage.
The hobgoblin is lightly wounded.
You scratch the hobgoblin but do no damage.
The hobgoblin is lightly wounded.
The goblin misses you.
You scratch the hobgoblin.
The hobgoblin is moderately wounded.
The hobgoblin completely misses you. The goblin hits you with a +0 dagger.
The goblin hits you with a +0 club.
Robin hits you from afar with a +0 trident!
You die...

... # .. .. ... #. #. . ... ###
.. #.##.# #.# #.. .# ..#. #.#
... .# #.. #.# #.# .#
#.#######.####..##### .#
#########%.##@g<#)...gg......
.###...........gg#)#.#####.g....
.<...######.#...gg.).# ..g..
.....# ##..##.....#)#.. ....
.....###...###.##.........gg g..
......).... .>.........###.. gg
.........########....##### .
.........#######..........
......##..<......#........


You could see Robin, a hobgoblin (strong) and 3 goblins.

Vanquished Creatures
  2 adders (D:2)
  A worm (D:2)
  3 dart slugs (D:1)
  3 ball pythons
  4 bats
  3 endoplasms (D:1)
  2 giant cockroaches (D:1)
  11 goblins
  5 hobgoblins
  A quokka (D:1)
  2 frilled lizards (D:2)
  3 kobolds (D:1)
  A rat (D:1)
41 creatures vanquished.

Notes
Turn   | Place    | Note
-------+----------+-------------------------------------------
     0 | D:1      | qw the Ghoul Fire Elementalist began the quest for the Orb.
     0 | D:1      | Reached XP level 1. HP: 14/14 MP: 2/2
     0 | D:1      | 0 ||| qw: Version: 0.1-a-90-g952f4b7
     0 | D:1      | 0 ||| qw: Game counter: 4099
     0 | D:1      | 0 ||| qw: Always use a shield: true
     0 | D:1      | 0 ||| qw: God list: Okawaru
     0 | D:1      | 0 ||| qw: Allow faded altars: false
     0 | D:1      | 0 ||| qw: Do Orc after D:15 true
     0 | D:1      | 0 ||| qw: Do second Lair branch before Depths: true
     0 | D:1      | 0 ||| qw: Lair rune preference: random
     0 | D:1      | 0 ||| qw: Plans: Normal
     0 | D:1      | 0 ||| PLANNING D:1-11
    28 | D:1      | Reached skill level 1 in Unarmed Combat
    72 | D:1      | 72 ||| Stepping ~*~*~tactically~*~*~ (hiding).
   174 | D:1      | 174 ||| Stepping ~*~*~tactically~*~*~ (hiding).
   276 | D:1      | 276 ||| Stepping ~*~*~tactically~*~*~ (hiding).
   340 | D:1      | Found a faded altar of an unknown god.
   352 | D:1      | Reached skill level 1 in Fighting
   352 | D:1      | Reached XP level 2. HP: 18/23 MP: 3/3
   517 | D:1      | 517 ||| Stepping ~*~*~tactically~*~*~ (hiding).
   619 | D:1      | 619 ||| Stepping ~*~*~tactically~*~*~ (hiding).
   721 | D:1      | 721 ||| Stepping ~*~*~tactically~*~*~ (hiding).
   823 | D:1      | 823 ||| Stepping ~*~*~tactically~*~*~ (hiding).
   925 | D:1      | 925 ||| Stepping ~*~*~tactically~*~*~ (hiding).
  1027 | D:1      | 1027 ||| Stepping ~*~*~tactically~*~*~ (hiding).
  1175 | D:1      | 1175 ||| Stepping ~*~*~tactically~*~*~ (outnumbered).
  1184 | D:1      | Reached skill level 2 in Unarmed Combat
  1370 | D:1      | 1370 ||| Stepping ~*~*~tactically~*~*~ (stealth).
  1371 | D:1      | 1371 ||| Stepping ~*~*~tactically~*~*~ (stealth).
  1372 | D:1      | 1372 ||| Stepping ~*~*~tactically~*~*~ (stealth).
  1374 | D:1      | 1374 ||| Stepping ~*~*~tactically~*~*~ (stealth).
  1375 | D:1      | 1375 ||| Stepping ~*~*~tactically~*~*~ (stealth).
  1386 | D:1      | Reached XP level 3. HP: 11/28 MP: 4/4
  1436 | D:1      | 1436 ||| Stepping ~*~*~tactically~*~*~ (stealth).
  1440 | D:1      | 1440 ||| Stepping ~*~*~tactically~*~*~ (stealth).
  1441 | D:1      | 1441 ||| Stepping ~*~*~tactically~*~*~ (stealth).
  1450 | D:1      | 1450 ||| Stepping ~*~*~tactically~*~*~ (stealth).
  1475 | D:1      | 1475 ||| Stepping ~*~*~tactically~*~*~ (stealth).
  1476 | D:1      | 1476 ||| Stepping ~*~*~tactically~*~*~ (stealth).
  1508 | D:1      | 1508 ||| Stepping ~*~*~tactically~*~*~ (stealth).
  1510 | D:1      | 1510 ||| Stepping ~*~*~tactically~*~*~ (stealth).
  1511 | D:1      | 1511 ||| Stepping ~*~*~tactically~*~*~ (stealth).
  1515 | D:1      | 1515 ||| Stepping ~*~*~tactically~*~*~ (stealth).
  1516 | D:1      | 1516 ||| Stepping ~*~*~tactically~*~*~ (stealth).
  1900 | D:1      | 1900 ||| Stepping ~*~*~tactically~*~*~ (hiding).
  1901 | D:1      | 1901 ||| Stepping ~*~*~tactically~*~*~ (hiding).
  2189 | D:1      | 2189 ||| UPGRADING to +0 leather armour.
  2199 | D:1      | 2199 ||| DROPPING +0 robe.
  2200 | D:1      | 2200 ||| READING 2 scrolls labelled LYFRADIGOU.
  2201 | D:1      | 2201 ||| READING scroll labelled DAZYLO ROHE.
  2202 | D:1      | 2202 ||| DROPPING potion of magic.
  2441 | D:2      | Reached skill level 3 in Unarmed Combat
  2666 | D:2      | Reached XP level 4. HP: 25/35 MP: 5/5
  2760 | D:2      | 2760 ||| Stepping ~*~*~tactically~*~*~ (stealth).
  2762 | D:2      | 2762 ||| Stepping ~*~*~tactically~*~*~ (stealth).
  2785 | D:2      | 2785 ||| Stepping ~*~*~tactically~*~*~ (stealth).
  2787 | D:2      | 2787 ||| Stepping ~*~*~tactically~*~*~ (stealth).
  2790 | D:2      | 2790 ||| Stepping ~*~*~tactically~*~*~ (stealth).
  2792 | D:2      | 2792 ||| Stepping ~*~*~tactically~*~*~ (stealth).
  2793 | D:2      | 2793 ||| Stepping ~*~*~tactically~*~*~ (stealth).
  2796 | D:2      | 2796 ||| Stepping ~*~*~tactically~*~*~ (stealth).
  2801 | D:2      | 2801 ||| Stepping ~*~*~tactically~*~*~ (outnumbered).
  2802 | D:2      | 2802 ||| Stepping ~*~*~tactically~*~*~ (outnumbered).
  2806 | D:2      | 2806 ||| Stepping ~*~*~tactically~*~*~ (outnumbered).
  2807 | D:2      | 2807 ||| STAIRDANCE
  2819 | D:1      | 2819 ||| DRINKING 2 yellow potions.
  2820 | D:1      | 2820 ||| READING 2 scrolls of identify.
  2820 | D:1      | 2820 ||| IDENTIFYING glowing inky potion
  2821 | D:1      | 2821 ||| DROPPING potion of degeneration.
  2824 | D:2      | 2824 ||| STAIRDANCE
  2851 | D:2      | 2851 ||| STAIRDANCE
  2972 | D:2      | 2972 ||| Stepping ~*~*~tactically~*~*~ (stealth).
  2974 | D:2      | 2974 ||| Stepping ~*~*~tactically~*~*~ (stealth).
  2976 | D:2      | 2976 ||| Stepping ~*~*~tactically~*~*~ (stealth).
  2977 | D:2      | Noticed Robin
  2978 | D:2      | 2978 ||| Stepping ~*~*~tactically~*~*~ (hiding).
  2981 | D:2      | 2981 ||| Stepping ~*~*~tactically~*~*~ (outnumbered).
  2984 | D:2      | 2984 ||| Stepping ~*~*~tactically~*~*~ (outnumbered).
  2989 | D:2      | 2989 ||| Stepping ~*~*~tactically~*~*~ (outnumbered).
  2990 | D:2      | 2990 ||| Stepping ~*~*~tactically~*~*~ (outnumbered).
  2993 | D:2      | HP: 5/35 [goblin/+0 club[Robin] (6)]
  2993 | D:2      | Slain by Robin

Levels and vault maps discovered:
D:1:      minmay_arrival_solitary_statue, layout_rooms,
          ebering_ecumenical_altar_ruins, serial_corexii_hall,
          corexii_hall_statues_l, chequers_hall_statues_wall_a,
          corexii_hall_statues_deadend, corexii_hall_statues_l,
          hangedman_decor_clover_reticule, due_unseen_surprise
D:2:      kennysheep_the_goblin_king, layout_rooms, uniq_robin

Skill      XL: |  1  2  3 |
---------------+----------+-----
Unarmed Combat | 1 2 3 |  3.8
Fighting       | 1 |  1.2
Dodging        | |  1.7
Stealth        | |  2.1
Spellcasting   | |  1.7
Conjurations   | |  0.7
Fire Magic     | |  2.4

Action                   |  1- 3 |  4- 6 || total
-------------------------+-------+-------++-------
Melee: Unarmed           |   141 |    42 ||   183
       Punch             |     1 |     1 ||     2
  Use: Scroll            |     2 |     1 ||     3
       Potion            |       |     1 ||     1
Armor: Robe              |    13 |       ||    13
       Leather armour    |     5 |    15 ||    20
Dodge: Dodged            |    73 |    39 ||   112

Table legend:
 A = Non-vault XP
 B = Vault XP
 C = Vault XP percentage of total XP
 D = Non-vault monster count
 E = Vault monster count
 F = Vault count percentage of total count
                 A         B        C        D         E       F
            +---------+---------+-------+---------+---------+-------
      Total |      90 |      15 |  14.3 |      33 |       8 |  19.5
            +---------+---------+-------+---------+---------+-------
        D:1 |      52 |       6 |  10.3 |      25 |       3 |  10.7
        D:2 |      38 |       9 |  19.1 |       8 |       5 |  38.5
            +---------+---------+-------+---------+---------+-------
